 Dungeon Crawl Stone Soup version 0.28-a0-1159-g27aa881441 (webtiles) character file.

Game seed: 16292680837798984195

66 SensoryNuts the Skirmisher (level 3, 0/29 HPs)
             Began as a Demonspawn Fighter on Dec 15, 2021.
             Killed by divine providence
             ... invoked by an orc priest
              (13 damage)
             ... on level 4 of the Dungeon.
             The game lasted 00:02:59 (2773 turns).

SensoryNuts the Skirmisher (Demonspawn Fighter)     Turns: 2773, Time: 00:03:04

Health: 0/29       AC: 11    Str: 18    XL:     3   Next: 96%
Magic:  3/3        EV:  6    Int:  9    God:
Gold:   88         SH:  4    Dex: 12    Spells: 2/2 levels left

rFire   . . .      SeeInvis .   a - +1 long sword
rCold   . . .      Faith    .   c - +0 buckler
rNeg    . . .      Spirit   .   f - +0 plate armour
rPois   .          Reflect  .   (no helmet)
rElec   .          Harm     .   (no cloak)
rCorr   .          Rampage  .   (no gloves)
Will    .....                   (no boots)
Stlth   ..........              (no amulet)
HPRegen 0.09/turn               (no ring)
MPRegen 0.08/turn               (no ring)

@: no status effects
A: powered by pain 1, sturdy frame 1
a: no special abilities


You were on level 4 of the Dungeon.
You visited 1 branch of the dungeon, and saw 4 of its levels.

You collected 88 gold pieces.

Inventory:

Hand Weapons
 a - a +1 long sword (weapon)
Missiles
 j - a throwing net (quivered)
Armour
 b - a +0 scale mail
 c - a +0 buckler (worn)
 f - a +0 plate armour (worn)
Jewellery
 i - a ring of willpower
Scrolls
 e - a scroll of blinking
 h - 2 scrolls of vulnerability
 k - 3 scrolls of identify
Potions
 d - a potion of might
 g - 2 potions of curing


   Skills:
 + Level 3.3 Fighting
 + Level 2.4 Long Blades
 + Level 3.3 Armour
 + Level 3.2 Shields


You had 2 spell levels left.
You didn't know any spells.
Your spell library contained the following spells:

 Spells                   Type           Power      Damage    Failure   Level
 Animate Skeleton         Necr           0%         N/A       100%        1
 Pain                     Necr           0%         1d4       100%        1
 Summon Small Mammal      Summ           0%         N/A       100%        1
 Call Canine Familiar     Summ           0%         N/A       100%        3
 Summon Guardian Golem    Hex/Summ       0%         N/A       100%        3
 Vampiric Draining        Necr           0%         2d6       100%        3


Dungeon Overview and Level Annotations

Branches:
Dungeon (4/15)
 Temple: D:4-7

Altars:

Shops:
D:2 =


Innate Abilities, Weirdness & Mutations

You sometimes gain a little power by taking damage.
Your movements are slightly less encumbered by armour. (ER -2)


Message History

You closely miss the hobgoblin.
The hobgoblin hits you but does no damage.
You hit the hobgoblin.
The hobgoblin is severely wounded.
The hobgoblin closely misses you.
You closely miss the hobgoblin.
The hobgoblin is severely wounded.
The hobgoblin hits you but does no damage.
The hobgoblin barely misses you.
You hit the hobgoblin but do no damage.
The hobgoblin is severely wounded.
The hobgoblin completely misses you.
You slash the hobgoblin!
You kill the hobgoblin!
No target in view!
You open the door.
An orc comes into view. It is wielding a +0 hand axe.
The orc shouts!
You hear a shout! x3
Found 7 gold pieces.
An orc is nearby!
An orc is nearby!
An orc is nearby!
You hit the orc.
The orc is lightly wounded.
An orc comes into view. It is wielding a +0 whip.
An orc priest comes into view. It is wielding a +0 club.
You slash the orc!
You kill the orc!
An orc comes into view. It is wielding a +0 hand axe.
You hit the orc.
The orc is moderately wounded.
The orc hits you with a +0 whip.
You slash the orc!
You kill the orc!
The orc priest calls down the wrath of Beogh upon you.
Pain shoots through your body!
An ogre comes into view. It is wielding a +0 giant spiked club.
The orc priest mumbles some strange prayers to Beogh against you.
Beogh smites you!
You die...

# #$##
##....
......###
....Ooo)#
#@# #.#
#.# #<#
###


You could see an ogre, an orc priest and an orc.

Vanquished Creatures
  An adder skeleton (D:3)
  A worm (D:3)
  10 orcs
  10 bats
  4 endoplasms
  2 giant cockroaches (D:2)
  3 goblins
  7 hobgoblins
  2 ball pythons (D:1)
  2 frilled lizards
  4 kobolds
  2 rats
48 creatures vanquished.

Vanquished Creatures (others)
  2 fungi (D:1)
  2 plants (D:1)
4 creatures vanquished.

Grand Total: 52 creatures vanquished

Notes
Turn   | Place    | Note
-------+----------+-------------------------------------------
     0 | D:1      | SensoryNuts the Demonspawn Fighter began the quest for the
                  | Orb.
     0 | D:1      | Reached XP level 1. HP: 18/18 MP: 1/1
   362 | D:1      | Found a faded altar of an unknown god.
   456 | D:1      | Gained mutation: Your movements are slightly less
                  | encumbered by armour. (ER -2) [demonic ancestry]
   456 | D:1      | Reached XP level 2. HP: 24/24 MP: 2/2
  1361 | D:2      | Found Cumaeh's Jewellery Emporium.
  1616 | D:3      | Gained mutation: You sometimes gain a little power by
                  | taking damage. [demonic ancestry]
  1616 | D:3      | Reached XP level 3. HP: 29/29 MP: 3/3
  2773 | D:4      | Noticed an ogre
  2773 | D:4      | Killed from afar by an orc priest

Illustrated notes

Levels and vault maps discovered:
D:1:      shiori_arrival_maze, layout_basic,
          shapermc_ecumenical_altar_mp_urbaneastern,
          corexii_item_surrounded_by_moat
D:2:      layout_basic, serial_shops, shop_fountains
D:3:      layout_loops_corners, kennysheep_generic_room_15
D:4:      layout_basic, minmay_temple_entry_drinking_statues, serial_shops,
          nicolae_diamond_shop

Skill      XL: |  1  2 |
---------------+-------+-----
Armour         | 3 |  3.3
Long Blades    | 2 |  2.4
Shields        | 3 |  3.2
Fighting       | |  3.3

Action                   || total
-------------------------++-------
Melee: Long sword        ||   150
  Use: Scroll            ||     7
       Potion            ||     4
Armor: Plate armour      ||    86
       Scale mail        ||     1
Dodge: Dodged            ||    45
Block: Buckler           ||    42

Table legend: (Time is in decaauts)
 A = Elapsed time spent in this place.
 B = Non-inter-level travel time spent in this place.
 C = Inter-level travel time spent in this place.
 D = Time resting spent in this place.
 E = Time spent auto-exploring this place.
 F = Levels seen in this place.
 G = Mean time per level.
                   A        B        C        D        E       F      G
               +--------+--------+--------+--------+--------+-----+--------+
         Total |   2801 |   2667 |    134 |      0 |   2260 |   4 |  700.2 |
       Dungeon |   2801 |   2667 |    134 |      0 |   2260 |   4 |  700.2 |
               +--------+--------+--------+--------+--------+-----+--------+

Top non-repeatable levels by time:
     D:3: 1180 daAuts
     D:1: 978 daAuts
     D:2: 627 daAuts
     D:4: 15 daAuts
